 Dungeon Crawl Stone Soup version 0.29.0-13-gc9e81de378 (webtiles) character file.

Game seed: 8240407121240614416

9 sentinel the Digger (level 2, -1/20 HPs)
             Began as a Meteoran Earth Elementalist on Sept 10, 2022.
             Killed from afar by an orc wizard (9 damage)
             ... with a magic dart
             ... on level 6 of the Dungeon.
             The game lasted 00:00:35 (86 turns).

sentinel the Digger (Meteoran Earth Elementalist)     Turns: 86, Time: 00:00:35

Health: -1/20      AC:  0    Str:  9    XL:     2   Next: 41%
Magic:  2/6        EV: 12    Int: 16    God:
Gold:   0          SH:  0    Dex: 14    Spells: 3/6 levels left

rFire   . . .      SeeInvis .   e - staff of conjuration {!a}
rCold   . . .      Faith    .   (no shield)
rNeg    . . .      Spirit   .   (no body armour)
rPois   .          Reflect  .   (no helmet)
rElec   .          Harm     .   (no cloak)
rCorr   .          Rampage  .   (no gloves)
Will    .....                   (no boots)
Stlth   +.........              (no amulet)
HPRegen 0.06/turn               (no ring)
MPRegen 0.10/turn               (no ring)

@: glowing
A: sense surroundings 1, otherworldly, glowing, explore regen
a: no special abilities


You were on level 6 of the Dungeon.
You visited 1 branch of the dungeon, and saw 4 of its levels.

Inventory:

Armour
 a - a +0 robe
Magical Staves
 e - a staff of conjuration (weapon) {!a}
Scrolls
 c - a scroll of enchant armour {unknown}
Potions
 b - a potion of magic


   Skills:
 - Level 2.4 Dodging
 - Level 1.4 Stealth
 - Level 2.6 Spellcasting
 - Level 1.2 Transmutations
 + Level 4.4 Earth Magic


You had 3 spell levels left.
You knew the following spells:

 Your Spells              Type           Power      Damage    Failure   Level
a - Sandblast             Erth           32%        2d9       3%          1
c - Passwall              Tmut/Erth      9%         N/A       10%         2

Your spell library contained the following spells:

 Spells                   Type           Power      Damage    Failure   Level
 Stone Arrow              Conj/Erth      26%        3d8       24%         3
 Petrify                  Tmut/Erth      11%        N/A       52%         4


Dungeon Overview and Level Annotations

Branches:
Dungeon (3/15) Zot: 2307

Altars:


Innate Abilities, Weirdness & Mutations

You passively map a small area around you.
You are easily found by Zot.
You glow in the dark.
You regain HP and MP as you explore.


Message History

Welcome, sentinel the Meteoran Earth Elementalist.
Are you destined to find the astounding Orb of Zot, or to die trying?
Press ? for a list of commands and other information.
Found a staircase leading out of the dungeon.
A bat comes into view.
The blast of sand hits the bat!
You kill the bat!
You can't see any susceptible monsters within range! (Use Z to cast anyway.)
You can't see any susceptible monsters within range! (Use Z to cast anyway.)
A kobold comes into view. It is wielding a +0 dagger.
Found a club.
The kobold shouts!
The blast of sand hits the kobold.
You kill the kobold!
You can't see any susceptible monsters within range! (Use Z to cast anyway.)
You can't see any susceptible monsters within range! (Use Z to cast anyway.)
You can't see any susceptible monsters within range! (Use Z to cast anyway.) Unknown command.
You can't see any susceptible monsters within range! (Use Z to cast anyway.)
You can't see any susceptible monsters within range! (Use Z to cast anyway.)
A rat comes into view.
You miscast Sandblast.
You are very lightly contaminated with residual magic.
Nothing appears to happen.
The rat bites you but does no damage.
The blast of sand hits the rat.
You kill the rat!
You can't see any susceptible monsters within range! (Use Z to cast anyway.)
You open the door.
There is an open door here.
Your magical contamination has completely faded away.
Found a curved glowing staff.
Found an escape hatch in the floor.
You see here a staff of conjuration {!a}.
You start removing your armour.
You continue taking off your +0 robe. x4
You finish taking off your +0 robe.
A ball python comes into view.
The ball python hisses angrily.
The blast of sand hits the ball python.
The ball python is heavily wounded.
The ball python barely misses you. The ball python grabs you.
The ball python constricts you.
The blast of sand misses the ball python.
The ball python bites you. The ball python constricts you.
The ball python bites you. The ball python constricts you.
You miscast Sandblast.
You are very lightly contaminated with residual magic.
Nothing appears to happen.
The ball python bites you.
* * * LOW HITPOINT WARNING * * *
The ball python constricts you.
* * * LOW HITPOINT WARNING * * *
HP warning!
You are too injured to fight recklessly!
Casting: Sandblast (safe; 4% risk of failure)
Confirm with . or Enter, or press ? or * to list all spells.
Aiming: Sandblast (safe; 4% risk of failure)
Press: ? - help, Shift-Dir - straight line, f/p - ball python
Aim: a ball python (heavily wounded, constricting you, 80% to hit)
The blast of sand hits the ball python!
You kill the ball python!
Your Earth Magic skill increases to level 4!
HP warning!
You see here a staff of conjuration {!a}.
HP warning!
e - a staff of conjuration {!a}
e - a staff of conjuration (weapon)
{!a} HP warning!
HP warning!
HP warning!
Your magical contamination has completely faded away.
HP warning!
HP warning!
There is an escape hatch in the floor here.
You slide downwards.
The hatch slams shut behind you.
Found a stone staircase leading up.
There is a stone staircase leading up here.
You climb upwards.
Magic restored.
The bat barely misses you.
There is a stone staircase leading down here.
The blast of sand hits the bat!
You kill the bat!
The bat closely misses you.
You have reached level 2!
The blast of sand hits the bat!
You kill the bat!
You can't see any susceptible monsters within range! (Use Z to cast anyway.)
You can't see any susceptible monsters within range! (Use Z to cast anyway.) Memorise Passwall, consuming 2 spell levels and leaving 3?
You start memorising the spell.
You continue memorising. x2
You finish memorising.
Spell assigned to 'c'.
You can't go up here!
You climb downwards.
There is a stone staircase leading up here.
Magic restored.
Found a stone staircase leading down.
There is a stone staircase leading down here.
You climb downwards.
A sourceless malevolence fills the Dungeon...
You fall into a shaft and drop 3 floors!
The shaft crumbles and collapses.
Found 12 gold pieces.
You see here 12 gold pieces.
Found a scroll labelled SEUKHA YJIS.
Found a ring mail.
An orc comes into view. It is wielding a +0 dagger.
An orc comes into view. It is wielding a +0 short sword.
The orc shouts!
You see here a scroll labelled SEUKHA YJIS.
The blast of sand hits the orc!
You kill the orc!
An orc wizard comes into view. It is wielding a +0 dagger.
An iguana comes into view.
You can't see any susceptible monsters within range! (Use Z to cast anyway.)
You can't see any susceptible monsters within range! (Use Z to cast anyway.) Unknown command.
c - a scroll labelled SEUKHA YJIS The iguana hisses angrily.
The orc wizard gestures wildly while chanting.
The orc wizard flickers and vanishes!
Deactivating autopickup; reactivate with Ctrl-A.
The blast of sand hits the orc.
The orc is severely wounded.
An orc comes into view. It is wielding a +0 club.
An orc comes into view. It is wielding a +0 mace.
The blast of sand hits the orc but does no damage.
The orc is severely wounded.
The orc shouts! x2
The blast of sand hits the orc.
You kill the orc!
The blast of sand hits the iguana.
The iguana is moderately wounded.
The iguana bites you!
Ouch! That really hurt!
You are too injured to fight recklessly!
Unknown command.
You hear some strange, mumbled words.
A magic dart appears from out of thin air!
The magic dart hits you!
You die...

#.# #.....* #.#
##.....## #.# *
*#.......####.####
#.......#..$....#
#.......#.##.##.#
, #.......#.##.#*
# #.......#.##..*
,
#......@#.###.#,*
, #.....o{..# *.#
, .....##l........
.... .o..####.## *
* .......... ,
.......[.## *
.........# *
#.......# * * ,
#.......# *, ,


You could see an iguana and 2 orcs.

Vanquished Creatures
  2 orcs (D:6)
  A ball python (D:1)
  A kobold (D:1)
  3 bats (D:1)
  A rat (D:1)
8 creatures vanquished.

Notes
Turn   | Place    | Note
-------+----------+-------------------------------------------
     0 | D:1      | sentinel the Meteoran Earth Elementalist began the quest
                  | for the Orb.
     0 | D:1      | Reached XP level 1. HP: 14/14 MP: 5/5
    40 | D:1      | Reached skill level 4 in Earth Magic
    55 | D:1      | Reached XP level 2. HP: 9/20 MP: 4/6
    59 | D:1      | Learned a level 2 spell: Passwall
    71 | D:3      | You fall into a shaft and drop 3 floors!
    86 | D:6      | Killed from afar by an orc wizard

Illustrated notes

Levels and vault maps discovered:
D:1:      scummos_arrival_simple_crosswalls, layout_basic,
          basic_ecumenical_altar
D:2:      layout_loops_ring
D:3:      layout_loops_ring, serial_forest, infiniplex_forest_clump_small,
          infiniplex_forest_clump_diagonal, infiniplex_forest_fountain,
          infiniplex_forest_clump_long, infiniplex_forest_clump_double,
          infiniplex_forest_diagonal, infiniplex_forest_straight_1,
          infiniplex_forest_diagonal, grunt_ministairs_12,
          wad_floor_pattern_untrapped, minmay_shallow_snake_nest
D:6:      layout_loops_cross, grunt_temple_overflow_gold_and_silver,
          centaur_isle

Skill      XL: |  1 |
---------------+----+-----
Earth Magic    | 4 |  4.4
Dodging        | |  2.4
Stealth        | |  1.4
Spellcasting   | |  2.6
Transmutations | |  1.2

Action                   || total
-------------------------++-------
 Cast: Sandblast         ||    13
Armor: Robe              ||     1
Dodge: Dodged            ||     3
